Map: Darkness Sanctuary LE

Players

axu

  • Race: Protoss Protoss
  • League: Platinum
  • Spawn Location: 11:00

Котик - Winner!

  • Race: Terran Terran
  • League: Platinum
  • Spawn Location: 1:00

VOD

Have the link to the VOD?

Description

Time

  • Played on: May 21, 2018, 6:57 a.m.
  • Length: 10:12
Show
View Real Time Build Order
Export as new Build Order

axu Protoss 

Build Orders: 1 Gate Expand, Blink Stalkers 

Get SALT Encoding   

  12  0:01  Probe  
  13  0:13  Probe  
  14  0:23  Pylon  
  14  0:26  Probe  
  15  0:41  Probe  
  16  0:43  Gateway  
  16  0:50  Probe  
  16  0:53  Assimilator  
  17  0:58  Probe  
  18  1:07  Probe  
  19  1:20  Probe  
  20  1:31  Nexus  
  20  1:40  Cybernetics Core  
  20  1:43  Probe  
  21  1:49  Assimilator  
  21  1:55  Probe  
  22  2:03  Pylon  
  22  2:07  Probe  
  23  2:15  Stalker  
  23  2:16  Warp Gate  
  23  2:21  Probe  
  26  2:29  Twilight Council  
  26  2:33  Probe  
  25  2:57  Probe  
  26  3:09  Probe  
  27  3:13  Probe  
  27  3:18  Blink  
  28  3:21  Probe  
  28  3:25  Probe  
  29  3:29  Gateway x2  
  29  3:32  Gateway  
  29  3:34  Probe  
  30  3:42  Probe, Pylon  
  30  3:43  Stalker  
  33  3:55  Probe x2  
  35  4:04  Pylon  
  35  4:07  Pylon  
  35  4:08  Probe x2  
  37  4:20  Probe x2  
  39  4:32  Probe x2  
  39  4:37  Stalker, Assimilator  
  39  4:38  Stalker x2  
  47  4:41  Stalker, Assimilator  
  49  4:47  Probe x2  
  51  4:55  Robotics Facility  
  51  4:58  Shield Battery  
  51  4:59  Probe  
  53  5:00  Probe  
  53  5:11  Probe  
  53  5:12  Probe  
  53  5:29  Stalker x4  
  53  5:33  Probe x2  
  63  5:45  Probe  
  63  5:48  Shield Battery  
  63  5:49  Probe  
  65  6:08  Stalker x2  
  65  6:10  Nexus  
  67  6:23  Pylon  
  67  6:26  Pylon  
  67  6:28  Pylon  
  67  6:32  Shield Battery, Pylon  
  44  7:04  Stalker x2  
  44  7:05  Stalker x2  
  35  7:23  Probe x2  
  37  7:32  Pylon  
  37  7:33  Pylon  
  37  7:35  Stalker x3, Immortal, Probe x2  
  37  7:36  Stalker  
  47  7:45  Probe  
  47  7:47  Probe x2  
  50  7:58  Stalker x2, Probe  
  51  7:59  Probe  
  51  8:00  Probe  
  51  8:02  Sentry  
  51  8:03  Sentry  
  61  8:10  Probe  
  61  8:11  Probe  
  63  8:12  Templar Archives  
  63  8:22  Immortal, Probe  
  63  8:25  Probe x2  
  70  8:32  Stalker  
  72  8:38  Zealot  
  72  8:40  Probe  
  75  8:41  Probe  
  76  8:57  Zealot, Shield Battery  
  76  8:58  Stalker, Shield Battery  
  76  8:59  Probe  
  76  9:00  Probe  
  76  9:02  Probe  
  83  9:07  Probe  
  83  9:08  Probe  
  83  9:14  Probe  
  86  9:21  Assimilator  
  86  9:25  Assimilator  
  86  9:27  Pylon  
  86  9:30  Pylon  
  86  9:33  Zealot  
  86  9:34  Zealot  
  90  9:39  High Templar x2  
  56  9:55  High Templar x2  
Show
View Real Time Build Order
Export as new Build Order

Котик Terran - Winner!

Build Orders: Reaper Expand 

Get SALT Encoding   

  12  0:01  SCV  
  13  0:13  SCV  
  14  0:19  Supply Depot  
  14  0:25  SCV  
  15  0:40  SCV  
  15  0:41  Barracks  
  16  0:47  Refinery  
  16  0:52  SCV  
  17  1:04  SCV  
  18  1:16  SCV  
  19  1:31  Reaper  
  20  1:34  Supply Depot  
  20  1:36  Orbital Command  
  20  2:01  Command Center  
  20  2:02  SCV  
  21  2:13  Barracks Reactor  
  21  2:15  SCV  
  22  2:26  Factory  
  22  2:28  SCV  
  23  2:40  SCV  
  24  2:52  Marine  
  24  2:53  Marine, SCV  
  27  3:01  Refinery  
  27  3:07  Barracks, SCV  
  27  3:10  Supply Depot  
  28  3:13  Marine x2  
  28  3:15  Barracks  
  28  3:19  SCV  
  31  3:36  Refinery, Marine x2  
  31  3:39  SCV  
  34  3:42  Orbital Command  
  34  3:51  SCV  
  35  3:59  Barracks Tech Lab  
  35  4:00  Marine x2  
  37  4:03  SCV  
  37  4:08  SCV  
  39  4:15  SCV  
  40  4:18  Marine x2  
  40  4:19  Supply Depot  
  40  4:20  SCV  
  40  4:21  Engineering Bay  
  40  4:23  Marauder, Barracks Tech Lab  
  45  4:25  Stimpack  
  45  4:32  SCV x2  
  45  4:37  Marine x2  
  49  4:42  Marauder  
  49  4:44  Marauder  
  53  4:46  SCV x2  
  53  4:49  Terran Infantry Weapons Level 1  
  55  4:55  Engineering Bay  
  55  5:04  SCV x2  
  57  5:10  Missile Turret  
  57  5:12  Marauder, Marine  
  57  5:13  Marauder  
  61  5:28  Marine  
  62  5:42  Starport  
  62  5:48  Marauder x2, Marine x2, SCV x2  
  62  5:49  Supply Depot  
  70  5:50  Terran Infantry Armor Level 1  
  70  6:06  Marine x2  
  70  6:08  SCV x2  
  70  6:10  Marauder x2  
  77  6:15  Barracks  
  77  6:20  SCV x2  
  77  6:24  Refinery, Marine x2  
  81  6:27  Armory  
  81  6:32  SCV x2  
  82  6:33  Marauder  
  82  6:34  Starport Reactor  
  82  6:38  Marauder  
  82  6:48  Marine x2  
  78  6:54  Marine  
  78  7:00  Marine  
  72  7:06  Marine x2  
  74  7:12  Marauder  
  66  7:19  Marauder  
  60  7:23  Marine  
  60  7:24  Marine  
  60  7:27  Medivac x2  
  67  7:30  SCV x2  
  67  7:34  Marauder  
  67  7:35  Barracks Reactor  
  70  7:39  Barracks  
  70  7:40  Marauder  
  72  7:47  Marine x2  
  74  7:55  Command Center  
  74  7:57  Marauder, Medivac x2  
  80  8:00  SCV x2  
  80  8:03  Refinery  
  80  8:04  Marine  
  80  8:05  Marine  
  84  8:13  Marauder, Marine x2  
  84  8:15  SCV x2  
  90  8:27  Supply Depot  
  90  8:31  Ghost Academy  
  90  8:34  Marine x2  
  90  8:38  Supply Depot  
  90  8:39  Barracks Reactor  
  90  8:40  Marauder  
  94  8:48  Marine x2  
  94  8:49  Marauder  
  94  8:52  Marine  
  94  8:55  SCV x2  
  101  9:05  Marauder  
  101  9:06  Marine x3  
  101  9:09  Marine  
  106  9:10  Marauder  
  106  9:13  Orbital Command  
  106  9:16  Marine x2  
  111  9:23  Marine  
  112  9:24  Marine  
  112  9:26  Marauder  
  115  9:36  Marine  
  115  9:37  Marine x3  
  115  9:38  Marauder  
  116  9:46  Marine x2  
  116  9:47  Marine  
Tags
 
Add a new tag
Caveats
  • Supply blocks, unpowered buildings, or Contaminate may cause inaccurate times.
  • Supply counts are checked every 10 seconds.